 Dungeon Crawl Stone Soup version 0.23.2 (webtiles) character file.

Game seed: 10944678420884760339

99 Borgoz the Skirmisher (level 4, -10/40 HPs)
             Began as a Ghoul Monk on Apr 4, 2019.
             Killed by divine providence
             ... invoked by an orc priest
              (12 damage)
             ... on level 3 of the Dungeon.
             The game lasted 00:03:13 (2074 turns).

Borgoz the Skirmisher (Ghoul Monk)                  Turns: 2074, Time: 00:03:14

Health: -10/40     AC:  5    Str: 13 (14) XL:     4   Next: 72%
Magic:  3/3        EV: 11    Int:  3 (6)  God:
Gold:   87         SH:  0    Dex:  8 (11) Spells: 3/3 levels left

rFire    . . .     SeeInvis .   a - +0 short sword
rCold    + . .     Gourm    .   (no shield)
rNeg     + + +     Faith    .   j - +0 ring mail
rPois    ∞         Spirit   .   (no helmet)
rElec    .         Reflect  .   (no cloak)
rCorr    .         Harm     .   (no gloves)
MR       .....                  (no boots)
Stlth    +.........             (no amulet)
HPRegen  0.00/turn              (no ring)
MPRegen  0.08/turn              (no ring)

@: very slightly contaminated, rotting
A: rotting body, claws 1, carnivore, cold resistance 1, negative energy
resistance 3, inhibited regeneration, torment resistance, unbreathing
a: no special abilities


You were on level 3 of the Dungeon.
You were not hungry.

You visited 1 branch of the dungeon, and saw 3 of its levels.

You collected 87 gold pieces.

Inventory:

Hand Weapons
 a - a +0 short sword (weapon)
Missiles
 i - 6 tomahawks (quivered)
Armour
 j - a +0 ring mail (worn)
Jewellery
 f - an uncursed ring of ice
Scrolls
 d - 2 scrolls of identify
 g - a scroll of remove curse
Potions
 e - a potion of degeneration
Comestibles
 c - 5 rations


   Skills:
 + Level 3.9 Fighting
 * Level 3.7 Short Blades
 + Level 1.3 Armour
 + Level 3.2 Dodging
 - Level 2.1 Stealth


You had 3 spell levels left.
You didn't know any spells.
Your spell library was empty.

Dungeon Overview and Level Annotations

Branches:
Dungeon (3/15)

Altars:


Innate Abilities, Weirdness & Mutations

Your body is rotting away.
You thrive on raw meat.
You are immune to poison.
You have sharp fingernails.
You are carnivorous and can eat meat at any time.
Your flesh is cold resistant. (rC+)
You are immune to negative energy. (rN+++)
You do not regenerate when monsters are visible.
You are immune to unholy pain and torment.
You can survive without breathing.


Message History

You kill the rat!
The orc priest barely misses you. The orc closely misses you.
The orc priest hits you but does no damage.
Things that are here:
a +0 dagger; a +0 scale mail; a rat corpse Eat a chunk of flesh? (ye/n/q)
You eat the chunk of flesh.
This raw flesh tastes great!
The orc hits you with a +0 war axe.
* * * LOW HITPOINT WARNING * * *
The orc priest hits you with a +0 trident.
* * * LOW HITPOINT WARNING * * *
Okay, then.
Okay, then.
As you read the scroll labeled HIEFOIBYIKH, it crumbles to dust.
The creatures around you are filled with an inner flame!
It was a scroll of immolation.
The orc misses you.
The orc priest mumbles some strange prayers to Beogh against you.
Beogh smites you!
You die...

#..........#
#..........#
#..........#
#..........#
#....).....#
#..........#
#...oo.....#
#@# ####.##
#.....#
#.....#
#.....#
#.....#
#.....#
#.....#
#.....#


You could see an orc priest (inner flame) and an orc (inner flame).

Vanquished Creatures
  3 adders
  An ooze (D:2)
  3 dart slugs
  2 leopard geckos (D:1)
  2 orcs (D:3)
  10 goblins
  8 hobgoblins
  2 jackals (D:2)
  8 kobolds
  7 bats
  2 frilled lizards
  9 rats
57 creatures vanquished.

Vanquished Creatures (others)
  An orc (D:3)
1 creature vanquished.

Grand Total: 58 creatures vanquished

Notes
Turn   | Place    | Note
-------+----------+-------------------------------------------
     0 | D:1      | Borgoz the Ghoul Monk began the quest for the Orb.
     0 | D:1      | Reached XP level 1. HP: 19/19 MP: 0/0
   175 | D:1      | Reached XP level 2. HP: 19/26 MP: 1/1
   398 | D:1      | Reached XP level 3. HP: 12/31 MP: 2/2
  1016 | D:2      | Reached skill level 1 in Armour
  1529 | D:2      | Reached XP level 4. HP: 34/40 MP: 3/3
  2073 | D:3      | HP: 2/40 [orc priest/+0 trident (6)]
  2074 | D:3      | Killed from afar by an orc priest

Skill      XL: |  1  2  3 |
---------------+----------+-----
Short Blades   | 3 |  3.7
Armour         | 1 |  1.3
Dodging        | 3 |  3.2
Fighting       | |  3.9
Stealth        | |  2.1

Action                   |  1- 3 |  4- 6 || total
-------------------------+-------+-------++-------
Melee: Short sword       |   141 |   101 ||   242
  Use: Scroll            |     2 |     1 ||     3
       Potion            |       |     3 ||     3
 Stab: Sleeping          |     7 |       ||     7
       Invisible         |       |     1 ||     1
  Eat: Chunk             |    15 |     9 ||    24
Armor: Robe              |     9 |       ||     9
       Leather armour    |     3 |       ||     3
       Scale mail        |     2 |       ||     2
       Ring mail         |       |    29 ||    29
Dodge: Dodged            |    71 |    77 ||   148
